[Event "FICS rated blitz game"]
[Site "FICS freechess.org"]
[FICSGamesDBGameNo "20000744"]
[White "tabanli"]
[Black "LPrince"]
[WhiteElo "1822"]
[BlackElo "1829"]
[WhiteRD "na"]
[BlackRD "na"]
[TimeControl "180+0"]
[Date "1999.05.30"]
[Time "12:50:00"]
[WhiteClock "0:03:00.000"]
[BlackClock "0:03:00.000"]
[ECO "E97"]
[PlyCount "72"]
[Result "0-1"]

1. d4 Nf6 2. c4 g6 3. Nc3 Bg7 4. e4 d6 5. Nf3 O-O 6. Be2 e5 7. O-O Nc6 8. d5 Ne7 9. b4 Ne8 10. c5 f5 11. Nd2 Nf6 12. f3 f4 13. a4 h5 14. a5 g5 15. Ba3 g4 16. b5 Rf7 17. b6 axb6 18. axb6 g3 19. h3 cxb6 20. cxd6 Ng6 21. Nc4 Nd7 22. Nb5 Qh4 23. Re1 Bf8 24. Bf1 Nf6 25. Nxb6 Rxa3 26. Nxc8 Rxa1 27. Qxa1 Ng4 28. Ne7+ Nxe7 29. dxe7 Bxe7 30. d6 Bd8 31. fxg4 Bb6+ 32. Kh1 f3 33. Qxe5 hxg4 34. Qe8+ Kg7 35. Qe5+ Kh7 36. gxf3 gxf3 {White resigns} 0-1

[Event "FICS rated blitz game"]
[Site "FICS freechess.org"]
[FICSGamesDBGameNo "20000743"]
[White "Bluemaster"]
[Black "lgc"]
[WhiteElo "1896"]
[BlackElo "1983"]
[WhiteRD "na"]
[BlackRD "na"]
[TimeControl "180+0"]
[Date "1999.05.30"]
[Time "12:32:00"]
[WhiteClock "0:03:00.000"]
[BlackClock "0:03:00.000"]
[ECO "A40"]
[PlyCount "87"]
[Result "1-0"]

1. d4 e6 2. c4 b6 3. Nc3 Bb7 4. e4 Bb4 5. d5 Nf6 6. Bd3 exd5 7. cxd5 d6 8. Ne2 Nbd7 9. O-O Bxc3 10. bxc3 Nc5 11. Ng3 Nxd3 12. Qxd3 h6 13. Nf5 Bc8 14. Nd4 O-O 15. Re1 Bd7 16. c4 Re8 17. Bb2 Qe7 18. f3 Qf8 19. Ne2 Re7 20. Bxf6 gxf6 21. Ng3 Kh8 22. Qe3 Qg7 23. Qf4 Qg5 24. Qe3 Rg8 25. f4 Qg7 26. f5 Re5 27. Qf3 Rge8 28. h4 Kh7 29. Nh5 Qh8 30. Kf2 Rg8 31. Re3 Ree8 32. Qf4 a5 33. Rh1 Re5 34. Rhh3 Ree8 35. Rhg3 Rxg3 36. Rxg3 Rg8 37. Rxg8 Kxg8 38. g3 Kf8 39. Qg4 Ke7 40. Qf4 Qa8 41. Qxh6 Qa6 42. Qxf6+ Kf8 43. Qh8+ Ke7 44. f6# {Black checkmated} 1-0

[Event "FICS rated blitz game"]
[Site "FICS freechess.org"]
[FICSGamesDBGameNo "20000742"]
[White "Mouztruo"]
[Black "SKINS"]
[WhiteElo "1836"]
[BlackElo "1800"]
[WhiteRD "na"]
[BlackRD "na"]
[TimeControl "180+0"]
[Date "1999.05.30"]
[Time "11:57:00"]
[WhiteClock "0:03:00.000"]
[BlackClock "0:03:00.000"]
[ECO "B12"]
[PlyCount "97"]
[Result "1-0"]

1. e4 c6 2. d4 d5 3. e5 Bf5 4. Ne2 e6 5. h4 h6 6. Ng3 Bg6 7. h5 Bh7 8. Bd3 Bxd3 9. Qxd3 Nd7 10. c3 Ne7 11. Be3 Qb6 12. Qe2 O-O-O 13. b4 Nf5 14. Nxf5 exf5 15. Nd2 g5 16. Nb3 f4 17. Bd2 Kb8 18. a4 Rg8 19. O-O Be7 20. Rfb1 Nf8 21. Nc5 Bxc5 22. bxc5 Qc7 23. a5 a6 24. Qxa6 Ne6 25. Qe2 g4 26. a6 f3 27. Qf1 g3 28. Rxb7+ Qxb7 29. axb7 gxf2+ 30. Kh2 Rxg2+ 31. Kh3 Ng5+ 32. Bxg5 hxg5 33. Ra8+ Kxb7 34. Qa6+ Kc7 35. Qb6+ Kd7 36. Rxd8+ Ke6 37. Qxc6+ Kf5 38. Qxd5 g4+ 39. Kh4 Rh2+ 40. Kg3 Rh3+ 41. Kxf2 g3+ 42. Kxf3 g2+ 43. Kxg2 Rxh5 44. Qf3+ Kg6 45. Rd6+ Kg7 46. Qxh5 Kf8 47. Qh6+ Ke7 48. Qf6+ Ke8 49. Rd8# {Black checkmated} 1-0

[Event "FICS rated blitz game"]
[Site "FICS freechess.org"]
[FICSGamesDBGameNo "20000741"]
[White "SlayedSoul"]
[Black "mrkonk"]
[WhiteElo "1097"]
[BlackElo "1286"]
[WhiteRD "na"]
[BlackRD "na"]
[TimeControl "600+0"]
[Date "1999.05.30"]
[Time "11:04:00"]
[WhiteClock "0:10:00.000"]
[BlackClock "0:10:00.000"]
[ECO "C00"]
[PlyCount "68"]
[Result "0-1"]

1. e4 e6 2. Nf3 f6 3. d4 d5 4. e5 fxe5 5. Nxe5 Bd6 6. Qh5+ g6 7. Nxg6 Nf6 8. Qh6 Rg8 9. Bb5+ c6 10. Bxc6+ Nxc6 11. Nf4 Nxd4 12. O-O Bxf4 13. Bxf4 Ne2+ 14. Kh1 Ng4 15. Qh5+ Kd7 16. Qxh7+ Kc6 17. Qd3 Nxf4 18. Qc3+ Kd6 19. Qb4+ Kc7 20. Qxf4+ Qd6 21. Qf7+ Bd7 22. g3 Ne5 23. Qh5 Raf8 24. Re1 Nf3 25. Re3 Nxh2 26. Rc3+ Kb8 27. Qxh2 Rh8 28. Qxh8 Rxh8+ 29. Kg2 Qf8 30. a4 d4 31. Rc4 Bc6+ 32. Kf1 Rh1+ 33. Ke2 Qf3+ 34. Kd2 Rd1# {White checkmated} 0-1

[Event "FICS rated blitz game"]
[Site "FICS freechess.org"]
[FICSGamesDBGameNo "20000740"]
[White "Troglodyte"]
[Black "KnightMate"]
[WhiteElo "1551"]
[BlackElo "1744"]
[WhiteRD "na"]
[BlackRD "na"]
[TimeControl "300+0"]
[Date "1999.05.30"]
[Time "10:54:00"]
[WhiteClock "0:05:00.000"]
[BlackClock "0:05:00.000"]
[ECO "B45"]
[PlyCount "90"]
[Result "0-1"]

1. e4 c5 2. Nf3 Nc6 3. d4 cxd4 4. Nxd4 e6 5. Nc3 Nf6 6. f4 d5 7. e5 Nd7 8. Bb5 Qb6 9. Be3 Bb4 10. Bxc6 bxc6 11. O-O Bxc3 12. bxc3 c5 13. Nf3 Ba6 14. Re1 Qa5 15. Bd2 Qa4 16. Ng5 O-O 17. Qh5 h6 18. Nf3 Qxc2 19. g4 Qg6 20. Qh4 f5 21. Kh1 Qxg4 22. Qxg4 fxg4 23. Nh4 Kh7 24. Rf1 Rab8 25. Rf2 g5 26. Ng2 Nxe5 27. Be3 Nd3 28. Rd2 Nxf4 29. Bxc5 Rf7 30. Ne3 Nd3 31. Nxg4 Nxc5 32. Ne5 Rf5 33. Re1 Ne4 34. Nc6 Rb6 35. Ne7 Nxd2 36. Nxf5 exf5 37. Re7+ Kg6 38. Rxa7 Rb1+ 39. Kg2 Bf1+ 40. Kf2 f4 41. h3 Ne4+ 42. Kf3 Rb2 43. Ra6+ Bxa6 44. h4 Rf2+ 45. Kg4 Bc8# {White checkmated} 0-1

[Event "FICS rated lightning game"]
[Site "FICS freechess.org"]
[FICSGamesDBGameNo "20000739"]
[White "tchatchatcha"]
[Black "Harm"]
[WhiteElo "1876"]
[BlackElo "1872"]
[WhiteRD "na"]
[BlackRD "na"]
[TimeControl "60+0"]
[Date "1999.05.30"]
[Time "10:20:00"]
[WhiteClock "0:01:00.000"]
[BlackClock "0:01:00.000"]
[ECO "C07"]
[PlyCount "50"]
[Result "0-1"]

1. e4 e6 2. d4 d5 3. Nd2 c5 4. c3 Nf6 5. e5 Ne4 6. Bd3 Nxd2 7. Bxd2 Nc6 8. Nf3 Qb6 9. O-O cxd4 10. cxd4 Nxd4 11. Bc3 Nxf3+ 12. Qxf3 Be7 13. Qg3 g6 14. Kh1 Bd7 15. Rac1 Bb5 16. Bxb5+ Qxb5 17. f4 Qa4 18. f5 gxf5 19. Qg7 Rf8 20. b3 Qxa2 21. Qxh7 Qxb3 22. Rf3 Rc8 23. Bd2 Rxc1+ 24. Bxc1 Qd1+ 25. Rf1 Qxf1# {White checkmated} 0-1

[Event "FICS rated lightning game"]
[Site "FICS freechess.org"]
[FICSGamesDBGameNo "20000738"]
[White "bazak"]
[Black "Dioslaki"]
[WhiteElo "1569"]
[BlackElo "1526"]
[WhiteRD "na"]
[BlackRD "na"]
[TimeControl "120+0"]
[Date "1999.05.30"]
[Time "07:04:00"]
[WhiteClock "0:02:00.000"]
[BlackClock "0:02:00.000"]
[ECO "C58"]
[PlyCount "62"]
[Result "0-1"]

1. e4 e5 2. Bc4 Nc6 3. Nf3 Nf6 4. Ng5 d5 5. exd5 Na5 6. Bb5+ c6 7. dxc6 bxc6 8. Be2 Bd6 9. O-O O-O 10. d3 Bb7 11. Nc3 c5 12. Be3 a6 13. Bf3 h6 14. Bxb7 Nxb7 15. Nge4 Nxe4 16. Nxe4 f5 17. Nxd6 Qxd6 18. Qd2 f4 19. Rae1 fxe3 20. Qxe3 Rae8 21. Qe4 Nd8 22. Qa4 Re7 23. Qxa6 Qxa6 24. a3 Ref7 25. h3 Qa7 26. Re2 Nc6 27. c3 Ne7 28. Kh2 Rxf2 29. Rexf2 Rxf2 30. Rxf2 c4 31. Kg1 cxd3 {White resigns} 0-1

[Event "FICS rated blitz game"]
[Site "FICS freechess.org"]
[FICSGamesDBGameNo "20000737"]
[White "kingfish"]
[Black "DavidAldi"]
[WhiteElo "1711"]
[BlackElo "1676"]
[WhiteRD "na"]
[BlackRD "na"]
[TimeControl "180+0"]
[Date "1999.05.30"]
[Time "07:01:00"]
[WhiteClock "0:03:00.000"]
[BlackClock "0:03:00.000"]
[ECO "C21"]
[PlyCount "137"]
[Result "1-0"]

1. e4 e5 2. d4 exd4 3. c3 dxc3 4. Bc4 cxb2 5. Bxb2 d5 6. Bxd5 Nf6 7. Bxf7+ Kxf7 8. Qxd8 Bb4+ 9. Qd2 Bxd2+ 10. Nxd2 Nc6 11. Ngf3 Re8 12. O-O Nxe4 13. Nxe4 Rxe4 14. Ng5+ Kg6 15. Nxe4 Bf5 16. Ng3 Bd3 17. Rfd1 Bc4 18. Rd7 Be6 19. Rxc7 Rd8 20. Rxg7+ Kh6 21. Rxb7 Rd2 22. Bg7+ Kg6 23. Bc3 Rc2 24. Be1 Nd4 25. f3 h5 26. Bf2 Nc6 27. Ne4 Bd5 28. Rd1 Nd4 29. Bxd4 Bxb7 30. Bxa7 Rxa2 31. Bf2 Re2 32. h3 Bxe4 33. fxe4 Rxe4 34. Bg3 h4 35. Bf2 Re5 36. Bxh4 Re4 37. g3 Kf5 38. Rd2 Ke5 39. Kg2 Kf5 40. g4+ Kg6 41. Bg3 Ra4 42. Rd6+ Kf7 43. Bf2 Re4 44. Kg3 Ra4 45. Be3 Ra3 46. Kf4 Ra4+ 47. Kg5 Re4 48. Bf4 Re2 49. h4 Rg2 50. h5 Ke7 51. Kf5 Rf2 52. Ra6 Kd7 53. h6 Rh2 54. h7 Rh3 55. Ra8 Kc6 56. h8=Q Rxh8 57. Rxh8 Kd5 58. Rd8+ Kc4 59. Ke4 Kc5 60. g5 Kc6 61. g6 Kc5 62. g7 Kc6 63. g8=Q Kc5 64. Qg7 Kc6 65. Qd7+ Kb6 66. Qc8 Kb5 67. Rd7 Kb4 68. Rb7+ Ka3 69. Qa8# {Black checkmated} 1-0

[Event "FICS rated blitz game"]
[Site "FICS freechess.org"]
[FICSGamesDBGameNo "20000736"]
[White "sonikf"]
[Black "NordLyset"]
[WhiteElo "1507"]
[BlackElo "1542"]
[WhiteRD "na"]
[BlackRD "na"]
[TimeControl "300+0"]
[Date "1999.05.30"]
[Time "02:02:00"]
[WhiteClock "0:05:00.000"]
[BlackClock "0:05:00.000"]
[ECO "C58"]
[PlyCount "58"]
[Result "0-1"]

1. e4 e5 2. Nf3 Nc6 3. Bc4 Nf6 4. Ng5 d5 5. exd5 Na5 6. Bb5+ c6 7. dxc6 bxc6 8. Bd3 h6 9. Ne4 Bf5 10. Nxf6+ Qxf6 11. Bxf5 Qxf5 12. O-O Bc5 13. c3 O-O 14. b4 Bd6 15. bxa5 e4 16. d4 Rfe8 17. Be3 Rad8 18. Nd2 c5 19. Nc4 Bc7 20. h3 g5 21. Qg4 Qg6 22. h4 f5 23. Qe2 f4 24. Bc1 f3 25. Qe3 Bf4 26. Qe1 Bxc1 27. Qxc1 gxh4 28. g3 hxg3 29. Kh1 Qh5+ {White resigns} 0-1

[Event "FICS rated blitz game"]
[Site "FICS freechess.org"]
[FICSGamesDBGameNo "20000735"]
[White "cattleman"]
[Black "Haaz"]
[WhiteElo "1357"]
[BlackElo "1427"]
[WhiteRD "na"]
[BlackRD "na"]
[TimeControl "300+0"]
[Date "1999.05.28"]
[Time "11:07:00"]
[WhiteClock "0:05:00.000"]
[BlackClock "0:05:00.000"]
[ECO "C66"]
[PlyCount "101"]
[Result "1-0"]

1. e4 e5 2. Nf3 Nc6 3. Bb5 d6 4. d4 Nf6 5. Nc3 Bd7 6. O-O Be7 7. Re1 O-O 8. dxe5 Nxe5 9. Nxe5 dxe5 10. Bxd7 Qxd7 11. Qxd7 Nxd7 12. Be3 Rad8 13. Nd5 Bd6 14. Rad1 c6 15. Nc3 Nb6 16. Bxb6 axb6 17. a3 b5 18. Rd3 b4 19. axb4 Bxb4 20. Red1 Rxd3 21. Rxd3 Ra8 22. Kf1 Ra1+ 23. Ke2 Bxc3 24. Rxc3 h6 25. Rb3 Ra7 26. Rd3 Kf8 27. g3 Ke7 28. f4 exf4 29. gxf4 Ke6 30. c4 g5 31. Kf3 gxf4 32. Kxf4 Ra2 33. Rd2 b5 34. cxb5 cxb5 35. h4 Ra4 36. b3 f5 37. bxa4 bxa4 38. exf5+ Kf6 39. Rd4 a3 40. Ra4 a2 41. Rxa2 h5 42. Ra6+ Kf7 43. Kg5 Kg7 44. Ra7+ Kf8 45. Kxh5 Ke8 46. Kg6 Kd8 47. h5 Kc8 48. h6 Kb8 49. Rg7 Kc8 50. h7 Kd8 51. h8=Q# {Black checkmated} 1-0

[Event "FICS rated blitz game"]
[Site "FICS freechess.org"]
[FICSGamesDBGameNo "20000734"]
[White "Klimek"]
[Black "duaneg"]
[WhiteElo "1056"]
[BlackElo "1426"]
[WhiteRD "na"]
[BlackRD "na"]
[TimeControl "120+12"]
[Date "1999.05.28"]
[Time "10:26:00"]
[WhiteClock "0:02:00.000"]
[BlackClock "0:02:00.000"]
[ECO "C64"]
[PlyCount "32"]
[Result "0-1"]

1. e4 e5 2. Nf3 Nc6 3. Bb5 Bc5 4. Bxc6 bxc6 5. Nxe5 Bb6 6. d4 Nf6 7. Bg5 O-O 8. Nc3 Re8 9. d5 Rxe5 10. dxc6 Ba6 11. Bxf6 Qxf6 12. Qf3 Qxf3 13. gxf3 dxc6 14. O-O-O Bxf2 15. Rd2 Be3 16. Rd1 Rd8 {White resigns} 0-1

[Event "FICS rated blitz game"]
[Site "FICS freechess.org"]
[FICSGamesDBGameNo "20000733"]
[White "Aguas"]
[Black "KingT"]
[WhiteElo "1959"]
[BlackElo "2024"]
[WhiteRD "na"]
[BlackRD "na"]
[TimeControl "300+0"]
[Date "1999.05.28"]
[Time "09:13:00"]
[WhiteClock "0:05:00.000"]
[BlackClock "0:05:00.000"]
[ECO "B31"]
[PlyCount "121"]
[Result "1-0"]

1. e4 c5 2. Nf3 Nc6 3. Bb5 g6 4. Bxc6 dxc6 5. d3 Bg7 6. Nc3 e5 7. Be3 Qe7 8. h3 f6 9. Qd2 Be6 10. O-O O-O-O 11. a3 Kb8 12. Na4 c4 13. Qa5 b6 14. Bxb6 axb6 15. Qxb6+ Qb7 16. Qxd8+ Bc8 17. Qd6+ Ka8 18. Nc5 Qa7 19. Qxc6+ Kb8 20. dxc4 Ne7 21. Qd6+ Ka8 22. Rfd1 Bb7 23. Nxb7 Qxb7 24. Qb4 Rb8 25. Qxb7+ Rxb7 26. b4 f5 27. Ng5 Nc6 28. Rd6 Nd4 29. c3 Ne2+ 30. Kf1 Nxc3 31. Rc1 Nxe4 32. Nxe4 fxe4 33. Rcd1 e3 34. fxe3 e4 35. Rd8+ Ka7 36. R8d7 Bb2 37. a4 Bc3 38. b5 h6 39. c5 Be5 40. c6 Rc7 41. Rxc7+ Bxc7 42. Rd7 Kb8 43. Rxc7 Kxc7 44. a5 h5 45. a6 Kb6 46. Ke2 g5 47. g3 h4 48. g4 Kxb5 49. a7 Kxc6 50. a8=Q+ Kc5 51. Qxe4 Kd6 52. Qd4+ Ke6 53. e4 Kf7 54. Qd5+ Kf6 55. e5+ Ke7 56. Qd6+ Kf7 57. e6+ Kf6 58. e7+ Kf7 59. Qd7 Kg6 60. e8=Q+ Kh6 61. Qde6+ {Black forfeits on time} 1-0

[Event "FICS rated lightning game"]
[Site "FICS freechess.org"]
[FICSGamesDBGameNo "20000732"]
[White "Maniak"]
[Black "Yoshimori"]
[WhiteElo "1680"]
[BlackElo "1784"]
[WhiteRD "na"]
[BlackRD "na"]
[TimeControl "120+1"]
[Date "1999.05.28"]
[Time "07:17:00"]
[WhiteClock "0:02:00.000"]
[BlackClock "0:02:00.000"]
[ECO "B13"]
[PlyCount "60"]
[Result "0-1"]

1. e4 c6 2. d4 d5 3. exd5 cxd5 4. Bd3 Nc6 5. Ne2 Nf6 6. O-O Bg4 7. c3 e6 8. h3 Bh5 9. Bg5 Be7 10. Nd2 O-O 11. Qc2 Bg6 12. Nf4 Bxd3 13. Qxd3 a6 14. Rae1 Rc8 15. Ne2 b5 16. f4 Na5 17. f5 exf5 18. Qxf5 Nc4 19. Nxc4 bxc4 20. Ng3 Rb8 21. Re2 Rb6 22. Rfe1 Bd6 23. Nh5 Bb8 24. Nxf6+ Rxf6 25. Bxf6 Qxf6 26. Qxd5 Qf4 27. Qf3 Qh2+ 28. Kf1 Bg3 29. Re7 Qh1+ 30. Ke2 Qxe1# {White checkmated} 0-1

[Event "FICS rated blitz game"]
[Site "FICS freechess.org"]
[FICSGamesDBGameNo "20000731"]
[White "frizb"]
[Black "Noreaga"]
[WhiteElo "1646"]
[BlackElo "1595"]
[WhiteRD "na"]
[BlackRD "na"]
[TimeControl "300+0"]
[Date "1999.05.27"]
[Time "21:41:00"]
[WhiteClock "0:05:00.000"]
[BlackClock "0:05:00.000"]
[ECO "B21"]
[PlyCount "71"]
[Result "1-0"]

1. e4 c5 2. d4 cxd4 3. c3 d3 4. c4 Nc6 5. Nc3 d6 6. Bxd3 Nf6 7. Nge2 e6 8. O-O Be7 9. b3 O-O 10. Bf4 a6 11. Qd2 Bd7 12. Rad1 e5 13. Bg5 Ne8 14. Bxe7 Nxe7 15. f4 Qc7 16. Nd5 Nxd5 17. exd5 f5 18. fxe5 dxe5 19. Ng3 Nd6 20. Qg5 e4 21. Nh5 Bc8 22. Bb1 h6 23. Qg3 Rf7 24. Nf4 Bd7 25. h4 Ne8 26. h5 Qe5 27. Kh2 Nf6 28. c5 Ng4+ 29. Kh3 Bb5 30. Rfe1 Qb2 31. d6 Nf2+ 32. Kh4 Nxd1 33. Rxd1 Qf6+ 34. Kh3 Bd7 35. b4 Qe5 36. a3 {Black forfeits on time} 1-0

[Event "FICS rated blitz game"]
[Site "FICS freechess.org"]
[FICSGamesDBGameNo "20000730"]
[White "Herkules"]
[Black "middk"]
[WhiteElo "1778"]
[BlackElo "1521"]
[WhiteRD "na"]
[BlackRD "na"]
[TimeControl "300+0"]
[Date "1999.05.27"]
[Time "18:39:00"]
[WhiteClock "0:05:00.000"]
[BlackClock "0:05:00.000"]
[ECO "C30"]
[PlyCount "102"]
[Result "0-1"]

1. e4 e5 2. f4 Bc5 3. Nf3 Nc6 4. c3 d6 5. d4 exd4 6. cxd4 Bb6 7. Bc4 Bg4 8. Be3 Bxf3 9. Qxf3 Bxd4 10. e5 dxe5 11. O-O Bxe3+ 12. Qxe3 Qd4 13. Qxd4 Nxd4 14. Nc3 exf4 15. Rxf4 Ne6 16. Bxe6 fxe6 17. Re1 Nf6 18. Rxe6+ Kf7 19. Re2 Rhe8 20. Rd2 Rad8 21. Rfd4 Rxd4 22. Rxd4 Re7 23. Nb5 a6 24. Nc3 c6 25. h3 b5 26. Kf2 c5 27. Rd6 Ne4+ 28. Nxe4 Rxe4 29. Rxa6 Rc4 30. b3 Rc2+ 31. Kf3 c4 32. bxc4 bxc4 33. a4 c3 34. Rc6 Rc1 35. a5 c2 36. Kf2 Ra1 37. Rxc2 Rxa5 38. Rc6 Ra2+ 39. Kf3 h6 40. Kg3 Kg8 41. Kh2 Kh7 42. Kg3 h5 43. Kh2 g6 44. Kg3 Kh6 45. Rb6 Kg5 46. Rb5+ Kf6 47. Rb6+ Kg7 48. Rb7+ Kh6 49. Kh2 Ra4 50. Rb6 Ra5 51. Rb7 Ra2 {White forfeits on time} 0-1

[Event "FICS rated blitz game"]
[Site "FICS freechess.org"]
[FICSGamesDBGameNo "20000728"]
[White "builder"]
[Black "chrispatil"]
[WhiteElo "1232"]
[BlackElo "1224"]
[WhiteRD "na"]
[BlackRD "na"]
[TimeControl "180+12"]
[Date "1999.05.27"]
[Time "16:43:00"]
[WhiteClock "0:03:00.000"]
[BlackClock "0:03:00.000"]
[ECO "A34"]
[PlyCount "57"]
[Result "1-0"]

1. c4 c5 2. Nc3 e6 3. g3 Nf6 4. Bg2 d5 5. cxd5 exd5 6. e3 b6 7. Nge2 Bb7 8. O-O Be7 9. Qa4+ Bc6 10. Qb3 O-O 11. d4 c4 12. Qc2 Nbd7 13. Nf4 Nb8 14. Qf5 Na6 15. Ncxd5 Nxd5 16. Bxd5 Bxd5 17. Nxd5 Nc7 18. Nxe7+ Qxe7 19. Qf4 b5 20. a3 Rac8 21. Qf3 a6 22. Bd2 Ne6 23. Bb4 Qd7 24. Bxf8 Kxf8 25. d5 Ng5 26. Qg2 Nh3+ 27. Kh1 g5 28. g4 f5 29. Qxh3 {Black resigns} 1-0

[Event "FICS rated blitz game"]
[Site "FICS freechess.org"]
[FICSGamesDBGameNo "20000727"]
[White "pross"]
[Black "Draga"]
[WhiteElo "1642"]
[BlackElo "1744"]
[WhiteRD "na"]
[BlackRD "na"]
[TimeControl "300+0"]
[Date "1999.05.27"]
[Time "11:32:00"]
[WhiteClock "0:05:00.000"]
[BlackClock "0:05:00.000"]
[ECO "B18"]
[PlyCount "88"]
[Result "0-1"]

1. e4 c6 2. d4 d5 3. Nd2 dxe4 4. Nxe4 Bf5 5. Ng3 Bg6 6. Nf3 Nd7 7. Bc4 Ngf6 8. c3 e6 9. Qe2 Qc7 10. Bg5 O-O-O 11. O-O Bd6 12. Rfe1 h6 13. Bxf6 Nxf6 14. Ne5 Bxe5 15. Qxe5 Qxe5 16. Rxe5 Kc7 17. Rd1 b5 18. Bb3 a6 19. Rde1 Nd7 20. R5e3 Nb6 21. Ne4 Bxe4 22. Rxe4 a5 23. Rg4 a4 24. Bc2 g6 25. Rf4 Rd7 26. Be4 Nc4 27. b3 axb3 28. axb3 Nd2 29. Bd3 Nxb3 30. c4 bxc4 31. Bxc4 Nxd4 32. Rd1 c5 33. h4 Rhd8 34. Kf1 Nf5 35. Ra1 Rd1+ 36. Rxd1 Rxd1+ 37. Ke2 Rd7 38. g3 Kb6 39. Re4 Rd4 40. Rxd4 cxd4 41. h5 g5 42. Ba2 Kc5 43. Kd3 Ng7 44. Ke4 Nxh5 {White resigns} 0-1

[Event "FICS rated blitz game"]
[Site "FICS freechess.org"]
[FICSGamesDBGameNo "20000725"]
[White "Idaho"]
[Black "ulfila"]
[WhiteElo "1332"]
[BlackElo "1347"]
[WhiteRD "na"]
[BlackRD "na"]
[TimeControl "240+0"]
[Date "1999.05.27"]
[Time "11:11:00"]
[WhiteClock "0:04:00.000"]
[BlackClock "0:04:00.000"]
[ECO "E61"]
[PlyCount "73"]
[Result "1-0"]

1. d4 Nf6 2. c4 g6 3. Nc3 Bg7 4. Nf3 d6 5. Bg5 O-O 6. e3 h6 7. Bh4 e5 8. Be2 g5 9. Bg3 Bg4 10. O-O e4 11. Nd2 Bxe2 12. Qxe2 Nc6 13. Ndxe4 Nxe4 14. Nxe4 Re8 15. Nd2 Nxd4 16. Qg4 Nc6 17. Rab1 Qf6 18. Rfd1 Re7 19. c5 d5 20. Nf3 Rae8 21. b4 Qc3 22. b5 Na5 23. Rxd5 Qc2 24. Rdd1 Nc4 25. Nd4 Qa4 26. Nf5 Re4 27. Qh5 R8e6 28. Nxg7 Kxg7 29. Rd7 Re7 30. Rdd1 Qxa2 31. Qf3 Re8 32. Qf5 Ne5 33. Qf3 Re7 34. Qe2 g4 35. Qxa2 Re6 36. Qb2 Rxe3 37. Re1 {Black forfeits on time} 1-0

[Event "FICS rated lightning game"]
[Site "FICS freechess.org"]
[FICSGamesDBGameNo "20000724"]
[White "Dharmas"]
[Black "UncleBanana"]
[WhiteElo "1991"]
[BlackElo "2009"]
[WhiteRD "na"]
[BlackRD "na"]
[TimeControl "60+0"]
[Date "1999.05.27"]
[Time "11:11:00"]
[WhiteClock "0:01:00.000"]
[BlackClock "0:01:00.000"]
[ECO "E90"]
[PlyCount "92"]
[Result "1-0"]

1. e4 d6 2. Nf3 g6 3. d4 Bg7 4. c4 Nf6 5. Nc3 O-O 6. Bd3 c6 7. O-O Bg4 8. h3 Bxf3 9. Qxf3 Nbd7 10. Bg5 e5 11. d5 c5 12. Nb5 Qb8 13. Qe2 a6 14. Nc3 Qc7 15. f4 exf4 16. Bxf4 Nh5 17. Bh2 Ne5 18. Qf2 Rab8 19. Bc2 b5 20. cxb5 axb5 21. a3 b4 22. Ne2 b3 23. Bd1 c4 24. Nd4 Nd3 25. Qf3 Qc5 26. Kh1 Qxd4 27. g4 Nf6 28. Be2 Qa7 29. Bxd3 cxd3 30. Qxd3 Rfe8 31. Rae1 Rf8 32. Bxd6 Qb6 33. Bxb8 Qxb8 34. Qd4 Nd7 35. Qd3 Ne5 36. Qe3 Qd8 37. Rf2 Qh4 38. Ref1 Nxg4 39. Qf4 Nxf2+ 40. Rxf2 Qxh3+ 41. Rh2 Qe3 42. Qf2 f5 43. Qxe3 Bd4 44. Qxd4 fxe4 45. d6 e3 46. Kg2 Rf1 {Black forfeits on time} 1-0

[Event "FICS rated blitz game"]
[Site "FICS freechess.org"]
[FICSGamesDBGameNo "20000723"]
[White "mps"]
[Black "stuytown"]
[WhiteElo "1496"]
[BlackElo "1490"]
[WhiteRD "na"]
[BlackRD "na"]
[TimeControl "120+12"]
[Date "1999.05.27"]
[Time "10:39:00"]
[WhiteClock "0:02:00.000"]
[BlackClock "0:02:00.000"]
[ECO "C50"]
[PlyCount "127"]
[Result "1-0"]

1. e4 e5 2. Nf3 Nc6 3. d4 exd4 4. Bc4 Be7 5. c3 dxc3 6. Nxc3 Nf6 7. O-O d6 8. Qc2 O-O 9. Rd1 Bg4 10. e5 Bxf3 11. exf6 Bxd1 12. Qxd1 Bxf6 13. Qh5 Ne5 14. Bb3 c6 15. Bc2 g6 16. Qh3 d5 17. Nd1 Re8 18. Ne3 Qd7 19. Qg3 Nc4 20. h4 Nxe3 21. Bxe3 Bxb2 22. Rb1 Be5 23. Qg5 Qe7 24. Qg4 Bg7 25. h5 Qe6 26. Qh4 d4 27. Bg5 Qe5 28. hxg6 fxg6 29. Rxb7 Rab8 30. Bb3+ Kh8 31. Rxa7 Qe1+ 32. Kh2 Qe5+ 33. Bf4 Qf6 34. Qg4 Rbc8 35. Kg3 d3 36. Qd7 g5 37. Be3 Qe5+ 38. Kg4 Qe6+ 39. Bxe6 Rg8 40. Qxc8 Rxc8 41. Bxc8 h5+ 42. Kxg5 h4 43. Rxg7 Kxg7 44. Kxh4 Kf6 45. Ba6 Ke5 46. Bxd3 Kd5 47. g4 c5 48. g5 c4 49. Bc2 Ke6 50. g6 Kf6 51. a4 c3 52. a5 Kg7 53. a6 Kf6 54. a7 Ke5 55. a8=Q Kf6 56. Qc6+ Kg7 57. Qxc3+ Kg8 58. Qc8+ Kg7 59. Qd7+ Kf6 60. Qf7+ Ke5 61. g7 Kd6 62. g8=Q Ke5 63. Qge8+ Kd6 64. Qfd7# {Black checkmated} 1-0

[Event "FICS rated standard game"]
[Site "FICS freechess.org"]
[FICSGamesDBGameNo "20000721"]
[White "TheElDavid"]
[Black "klypp"]
[WhiteElo "1720"]
[BlackElo "1906"]
[WhiteRD "na"]
[BlackRD "na"]
[TimeControl "1200+30"]
[Date "1999.05.27"]
[Time "04:17:00"]
[WhiteClock "0:20:00.000"]
[BlackClock "0:20:00.000"]
[ECO "B70"]
[PlyCount "117"]
[Result "1/2-1/2"]

1. e4 c5 2. Nc3 d6 3. Nge2 Nf6 4. d4 cxd4 5. Nxd4 g6 6. Bc4 Bg7 7. O-O O-O 8. f4 Nc6 9. Nxc6 bxc6 10. Re1 Bb7 11. e5 dxe5 12. fxe5 Qxd1 13. Nxd1 Nd5 14. c3 e6 15. Nf2 Nb6 16. Bb3 c5 17. Be3 c4 18. Bc2 Rad8 19. Rad1 Rxd1 20. Bxd1 Rd8 21. Ng4 h5 22. Nf6+ Kh8 23. h3 Nd5 24. Bg5 Nxf6 25. Bxf6 Bxf6 26. exf6 Rd2 27. Be2 Rxb2 28. Bxc4 Rxg2+ 29. Kf1 Rg3 30. Rb1 Rxc3 31. Rxb7 Rxc4 32. Rxf7 Rf4+ 33. Kg2 Kg8 34. Rg7+ Kf8 35. Rxg6 Kf7 36. Rh6 Rxf6 37. Rxh5 Kg6 38. Ra5 Rf7 39. Kg3 Kh6 40. Ra6 Re7 41. a4 Kg5 42. Ra5+ e5 43. Kf3 Kh4 44. Ke4 Kxh3 45. Rxe5 Rxe5+ 46. Kxe5 Kg4 47. Kd5 Kf5 48. Kc5 Ke5 49. a5 a6 50. Kb6 Kd6 51. Kxa6 Kc6 52. Ka7 Kc7 53. a6 Kc8 54. Kb6 Kb8 55. Kb5 Ka7 56. Ka5 Ka8 57. Kb6 Kb8 58. a7+ Ka8 59. Ka6 {Game drawn by stalemate} 1/2-1/2

[Event "FICS rated blitz game"]
[Site "FICS freechess.org"]
[FICSGamesDBGameNo "20000720"]
[White "minorlexicon"]
[Black "Guadalajara"]
[WhiteElo "1423"]
[BlackElo "1486"]
[WhiteRD "na"]
[BlackRD "na"]
[TimeControl "720+3"]
[Date "1999.05.27"]
[Time "01:19:00"]
[WhiteClock "0:12:00.000"]
[BlackClock "0:12:00.000"]
[ECO "A04"]
[PlyCount "80"]
[Result "0-1"]

1. Nf3 Nc6 2. b3 Nf6 3. Bb2 d5 4. e3 Bg4 5. h3 Bh5 6. Be2 e6 7. d3 Bd6 8. O-O O-O 9. c4 Re8 10. Nc3 Ne7 11. Rc1 Bxf3 12. Bxf3 c5 13. Qe2 d4 14. exd4 cxd4 15. Nb5 Bc5 16. Bxb7 Rb8 17. Bf3 a6 18. Na3 Ng6 19. g3 Qd6 20. Nc2 Ne5 21. Bg2 g6 22. Ne1 Nh5 23. Nf3 Nxf3+ 24. Bxf3 Nf6 25. Bg2 e5 26. Rfe1 Nh5 27. Bd5 Qf6 28. Qg4 Re7 29. Re4 Rbe8 30. Rce1 Qg7 31. R4e2 Bb4 32. Rd1 Nf6 33. Qf3 Nxd5 34. Qxd5 Qh6 35. Bc1 Qxh3 36. a3 Bc3 37. b4 Re6 38. c5 Qg4 39. Kf1 Rf6 40. Qc6 Rxc6 {White resigns} 0-1